 Dungeon Crawl Stone Soup version 0.20.1-1-g8b1a95d (webtiles) character file.

14006 raph the Arsonist (level 11, -3/63 HPs)
             Began as a Deep Elf Fire Elementalist on Oct 2, 2017.
             Was a High Priest of Vehumet.
             Slain by an apocalypse crab (5 damage)
             ... on level 11 of the Dungeon.
             The game lasted 00:51:17 (16850 turns).

raph the Arsonist (Deep Elf Fire Elementalist)     Turns: 16850, Time: 00:51:18

Health: -3/63      AC:  8    Str:  6    XL:     11   Next: 83%
Magic:  16/35      EV:  2    Int: 23    God:    Vehumet [*****.]
Gold:   549        SH:  0    Dex: 15    Spells: 4/29 levels left

rFire    + . .     SeeInvis .   I - +1 short sword (freeze) (curse)
rCold    x . .     Gourm    .   (no shield)
rNeg     + + +     Faith    .   g - +0 leather armour
rPois    ∞         Spirit   .   (no helmet)
rElec    .         Reflect  .   P - +0 cloak
rCorr    .         Harm     .   h - +1 pair of gloves
MR       +....                  j - +0 pair of boots
Stlth    ++........             (no amulet)
Regen    1.2/turn               l - ring of fire
MPRegen  0.3/turn               v - ring of magical power (curse)

@: lethally poisoned (-3 -> -3), petrified, very slightly contaminated,
regenerating, hasted, invisible
A: no striking features
a: Renounce Religion


You were on level 11 of the Dungeon.
You worshipped Vehumet.
Vehumet was extremely pleased with you.
You were not hungry.

You visited 1 branch of the dungeon, and saw 11 of its levels.
You also visited: Ossuary.

You collected 849 gold pieces.
You spent 300 gold pieces at shops.

Inventory:

Hand Weapons
 a - a +4 dagger
 B - a +0 shortbow
 I - a cursed +1 short sword of freezing (weapon)
Missiles
 i - 14 tomahawks (quivered)
 z - 135 arrows
Armour
 g - a +0 leather armour (worn)
 h - a +1 pair of gloves (worn)
 j - a +0 pair of boots (worn)
 P - a +0 cloak (worn)
Jewellery
 l - a ring of fire (left hand)
 v - a cursed ring of magical power (right hand)
 H - an uncursed ring of poison resistance
 N - a +2 ring of evasion
 O - an uncursed ring of positive energy
Wands
 d - a wand of digging (9/24)
 s - a wand of paralysis (10/24)
 y - a wand of enslavement (12/24)
 G - a wand of polymorph (13/24)
 J - a wand of lightning (2/15)
Scrolls
 o - a scroll of magic mapping
 r - 5 scrolls of teleportation
 K - 2 scrolls of remove curse
 L - 2 scrolls of amnesia
 Q - a scroll of identify
Potions
 e - 2 potions of haste
 m - a potion of lignification
 n - 4 potions of agility
 q - 11 potions of curing
 t - 2 potions of flight
 u - a potion of heal wounds
 x - a potion of degeneration {unknown}
 A - 3 potions of might {unknown}
 F - a potion of invisibility {unknown}
 M - a potion of brilliance {unknown}
Books
 b - a book of Flames

   Spells                             Type                      Level
   a - Flame Tongue                   Conjuration/Fire             1
   b - Throw Flame                    Conjuration/Fire             2
   c - Conjure Flame                  Conjuration/Fire             3
   d - Inner Flame                    Hexes/Fire                   3
   e - Sticky Flame                   Conjuration/Fire             4
   f - Fireball                       Conjuration/Fire             5
 f - a book of Changes

   Spells                             Type                      Level
   a - Beastly Appendage              Transmutation                1
   b - Sticks to Snakes               Transmutation                2
   c - Spider Form                    Transmutation/Poison         3
   d - Ice Form                       Ice/Transmutation            4
   e - Blade Hands                    Transmutation                5
 p - a book of Transfigurations

   Spells                             Type                      Level
   a - Irradiate                      Conjuration/Transmutation    5
   b - Statue Form                    Transmutation/Earth          6
   c - Hydra Form                     Transmutation                6
   d - Dragon Form                    Transmutation                7
 D - a book of Necromancy

   Spells                             Type                      Level
   a - Pain                           Necromancy                   1
   b - Animate Skeleton               Necromancy                   1
   c - Vampiric Draining              Necromancy                   3
   d - Regeneration                   Charms/Necromancy            3
   e - Animate Dead                   Necromancy                   4
   f - Control Undead                 Necromancy                   4
Comestibles
 c - 10 bread rations
 k - 2 meat rations
 E - 7 fruits


   Skills:
 + Level 5.0 Fighting
 + Level 5.3 Armour
 + Level 8.7 Dodging
 - Level 2.4 Stealth
 + Level 9.6 Spellcasting
 + Level 9.1 Conjurations
 + Level 6.4 Necromancy
 * Level 11.2 Fire Magic


You had 4 spell levels left.
You knew the following spells:

 Your Spells              Type           Power        Failure   Level  Hunger
a - Flame Tongue          Conj/Fire      #####        1%          1    None
b - Fireball              Conj/Fire      ######....   1%          5    ####...
c - Conjure Flame         Conj/Fire      ######..     1%          3    None
d - Inner Flame           Hex/Fire       ######..     1%          3    None
e - Magic Dart            Conj           ####         1%          1    None
f - Sticky Flame          Conj/Fire      ######..     1%          4    ##.....
g - Animate Skeleton      Necr           N/A          1%          1    None
h - Regeneration          Chrm/Necr      ####......   7%          3    None
i - Animate Dead          Necr           N/A          6%          4    ##.....


Dungeon Overview and Level Annotations

Branches:
Dungeon (11/15)            Temple (0/1) D:7             Orc (0/2) D:9
   Lair: D:8-11

Altars:
Ashenzari
Dithmenos
Elyvilon
Gozag
Qazlal
Sif Muna
Trog
Vehumet
Zin

Shops:
D:6 :


Message History

You are very lightly contaminated with residual magic.
Casting: Magic Dart
Confirm with . or Enter, or press ? or * to list all spells.
Aiming: Magic Dart
Press: ? - help, Shift-Dir - straight line, f/p - apocalypse crab
Aim: an apocalypse crab (heavily wounded)
The magic dart hits the apocalypse crab.
The apocalypse crab is heavily wounded.
The apocalypse crab bites you! The apocalypse crab shocks you!
* * * LOW HITPOINT WARNING * * *
The apocalypse crab claws you but does no damage.
You have turned to stone.
The apocalypse crab bites you but does no damage.
The apocalypse crab claws you!
* * * LOW HITPOINT WARNING * * *
The apocalypse crab freezes you!!
You feel a terrible chill!
* * * LOW HITPOINT WARNING * * *
The apocalypse crab bites you but does no damage.
The apocalypse crab claws you. The apocalypse crab shocks you!
You die...

#..........<.##...
#...........##....
#[.§........#.....
#.############....
#.# #.... #l#
##### #§# #.# #t#
#.# #@# #.# #[#
#.# #.# #.###
#.############So..
#......S....†.W{..
##################


You could see an apocalypse crab and a komodo dragon.

Vanquished Creatures
  A hydra (D:11)
  2 two-headed ogres
  Pikel (D:6)
  2 cyclopes
  2 ugly things
  A komodo dragon (D:11)
  A polar bear (D:11)
  A troll (D:11)
  4 hippogriffs
  Sigmund (D:2)
  A wraith (D:6)
  A spriggan (D:9)
  3 wyverns
  Eustachio (D:5)
  2 yaks
  4 hungry ghosts
  Menkaure (Ossuary)
  A sky beast (D:9)
  A water moccasin (D:6)
  2 orc warriors
  4 ice beasts
  3 black bears
  2 necrophages
  2 phantoms
  A slave (D:6)
  7 ogres
  5 centaurs
  A crocodile (D:9)
  A big kobold (D:9)
  6 bullfrogs
  2 gnoll sergeants
  4 scorpions
  23 killer bees
  The ghost of sasori113 the Skirmisher, a weakling DsAK of Lugonu (D:3)
  10 wights
  4 howler monkeys
  2 crimson imps
  A centaur zombie (D:5)
  9 orc wizards
  5 hounds
  A bullfrog skeleton (D:5)
  2 orc priests (D:5)
  3 jellies
  A centaur skeleton (D:9)
  An iguana (D:5)
  Jessica (D:2)
  Ijyb (D:4)
  8 worker ants
  2 hound skeletons (D:4)
  4 mummies
  A howler monkey zombie (D:6)
  A worker ant zombie (D:10)
  8 gnolls
  9 adders
  A howler monkey skeleton (D:4)
  A shadow imp (D:5)
  A white imp (D:11)
  A worker ant simulacrum (D:11)
  5 oozes
  An adder skeleton (D:6)
  2 dart slugs
  9 leopard geckos
  52 orcs
  7 bats
  6 giant cockroaches
  3 gnoll zombies (Ossuary)
  5 goblins
  11 hobgoblins
  13 jackals
  5 quokkas
  A ball python (D:3)
  9 frilled lizards
  2 hobgoblin skeletons (Ossuary)
  2 hobgoblin zombies (Ossuary)
  A jackal skeleton (D:5)
  13 kobolds
  3 kobold skeletons (Ossuary)
  A kobold zombie (Ossuary)
  5 orc zombies
  6 rats
  A rat skeleton (Ossuary)
  2 rat zombies (Ossuary)
338 creatures vanquished.

Vanquished Creatures (collateral kills)
  A moth of wrath (shapeshifter) (D:11)
  A polar bear (D:11)
  A centaur simulacrum (D:11)
  A bullfrog (D:11)
  2 killer bees (D:11)
  A wight (D:8)
  A howler monkey (D:7)
  A hound (D:8)
  An orc wizard (D:10)
  A bullfrog simulacrum (D:11)
  A white imp (D:11)
  A leopard gecko (D:8)
13 creatures vanquished.

Vanquished Creatures (others)
  A shadow imp (D:11)
  A giant cockroach (D:2)
  4 goblin skeletons (Ossuary)
  2 goblin zombies (Ossuary)
  2 hobgoblin skeletons (Ossuary)
  5 kobold skeletons (Ossuary)
  5 kobold zombies (Ossuary)
  3 orc skeletons (Ossuary)
  4 orc zombies (Ossuary)
  5 rat skeletons (Ossuary)
  5 rat zombies (Ossuary)
  25 plants (D:11)
62 creatures vanquished.

Grand Total: 413 creatures vanquished

Notes
Turn   | Place    | Note
-------+----------+-------------------------------------------
     0 | D:1      | raph the Deep Elf Fire Elementalist began the quest for the Orb.
     0 | D:1      | Reached XP level 1. HP: 10/10 MP: 6/6
   188 | D:1      | Reached XP level 2. HP: 15/15 MP: 6/8
   408 | D:1      | Learned a level 2 spell: Throw Flame
   819 | D:1      | Reached XP level 3. HP: 19/19 MP: 7/10
  1068 | D:2      | Found a radiant altar of Vehumet.
  1080 | D:2      | Became a worshipper of Vehumet
  1518 | D:2      | Noticed Sigmund
  1618 | D:1      | Learned a level 3 spell: Conjure Flame
  1622 | D:1      | Learned a level 3 spell: Inner Flame
  1823 | D:3      | Reached XP level 4. HP: 24/24 MP: 4/11
  1966 | D:3      | Noticed sasori113's ghost (weakling DsAK)
  1998 | D:3      | HP: 1/24 [sasori113's ghost (6)]
  2015 | D:3      | Killed sasori113's ghost
  2015 | D:3      | Reached skill level 1 in Fighting
  2341 | D:3      | Reached XP level 5. HP: 29/29 MP: 0/12
  2519 | D:3      | Reached skill level 4 in Fire Magic
  2648 | D:3      | Noticed a black bear
  2654 | D:3      | Killed a black bear
  2654 | D:3      | Reached XP level 6. HP: 22/34 MP: 4/14
  2934 | D:3      | Found a faded altar of an unknown god.
  2972 | D:3      | Reached skill level 1 in Armour
  3138 | D:3      | Reached * piety under Vehumet
  3138 | D:3      | Offered knowledge of Magic Dart by Vehumet.
  3147 | D:3      | Learned a level 1 spell: Magic Dart
  3157 | D:3      | Found a stormy altar of Qazlal.
  3493 | D:3      | Found a deep blue altar of Sif Muna.
  4187 | D:4      | Noticed Ijyb
  4194 | D:4      | Killed Ijyb
  4240 | D:4      | Learned a level 4 spell: Sticky Flame
  4279 | D:4      | Reached XP level 7. HP: 37/40 MP: 4/16
  4457 | D:4      | Offered knowledge of Sandblast by Vehumet.
  4457 | D:4      | Reached skill level 5 in Fire Magic
  4630 | D:4      | Reached ** piety under Vehumet
  4841 | D:4      | Reached skill level 5 in Conjurations
  5117 | D:2      | Killed Sigmund
  5117 | D:2      | Reached skill level 5 in Spellcasting
  5307 | D:2      | Noticed Jessica
  5308 | D:2      | Killed Jessica
  5429 | D:5      | Entered Level 5 of the Dungeon
  5687 | D:5      | Reached XP level 8. HP: 45/45 MP: 16/18
  5689 | D:5      | Found a white marble altar of Elyvilon.
  5834 | D:5      | Reached skill level 6 in Fire Magic
  6059 | D:5      | Noticed Eustachio
  6071 | D:5      | Killed Eustachio
  6261 | D:5      | Offered knowledge of Throw Frost by Vehumet.
  6344 | D:5      | Found a transporter.
  6348 | D:5      | Found a transporter.
  6359 | D:5      | Found a bloodstained altar of Trog.
  6359 | D:5      | Found an opulent altar of Gozag.
  6488 | D:5      | Learned a level 5 spell: Fireball
  6519 | D:5      | Reached skill level 5 in Dodging
  6800 | D:5      | Reached skill level 7 in Fire Magic
  7098 | D:6      | Found Moneq's Book Shoppe.
  7106 | D:6      | Bought a book of Necromancy for 300 gold pieces
  7108 | D:6      | Learned a level 1 spell: Animate Skeleton
  7119 | D:6      | Reached *** piety under Vehumet
  7754 | D:6      | Noticed Pikel
  7761 | D:6      | Killed Pikel
  7761 | D:6      | Reached skill level 1 in Necromancy
  7761 | D:6      | Reached XP level 9. HP: 26/51 MP: 2/20
  7966 | D:6      | Found a shadowy altar of Dithmenos.
  8540 | D:7      | Found a sand-covered staircase.
  8549 | Ossuary  | Entered an ossuary
  8728 | Ossuary  | Offered knowledge of Olgreb's Toxic Radiance by Vehumet.
  9136 | Ossuary  | Noticed Menkaure
  9136 | Ossuary  | Killed Menkaure
  9136 | Ossuary  | Reached skill level 8 in Fire Magic
  9867 | D:7      | Reached **** piety under Vehumet
 10188 | D:7      | Found a staircase to the Ecumenical Temple.
 10301 | D:8      | Learned a level 3 spell: Regeneration
 10494 | D:8      | Offered knowledge of Force Lance by Vehumet.
 10643 | D:8      | Reached XP level 10. HP: 56/56 MP: 9/23
 11314 | D:8      | Found a glowing silver altar of Zin.
 11692 | D:9      | Found a staircase to the Orcish Mines.
 11694 | D:9      | Reached skill level 9 in Fire Magic
 11902 | D:9      | Reached ***** piety under Vehumet
 12013 | D:9      | Offered knowledge of Orb of Destruction by Vehumet.
 12111 | D:9      | Noticed a cyclops
 12301 | D:9      | Found a shattered altar of Ashenzari.
 12435 | D:9      | Killed a cyclops
 12693 | D:9      | Noticed a two-headed ogre
 12705 | D:9      | Killed a two-headed ogre
 13473 | D:10     | Entered Level 10 of the Dungeon
 13544 | D:10     | Reached skill level 5 in Necromancy
 13593 | D:10     | Learned a level 4 spell: Animate Dead
 14272 | D:10     | Reached skill level 10 in Fire Magic
 14548 | D:10     | Reached XP level 11. HP: 62/62 MP: 25/25
 14859 | D:11     | Noticed a cyan ugly thing
 14872 | D:10     | Killed a cyan ugly thing
 15217 | D:11     | Offered knowledge of Venom Bolt by Vehumet.
 15688 | D:11     | Noticed a brown ugly thing
 15705 | D:11     | HP: 2/62 [acid (8)]
 15723 | D:10     | Reached skill level 5 in Armour
 16032 | D:11     | Killed a brown ugly thing
 16242 | D:11     | Noticed a seven-headed hydra
 16247 | D:11     | Killed a seven-headed hydra
 16247 | D:11     | Reached skill level 11 in Fire Magic
 16448 | D:11     | Found a runed door.
 16473 | D:11     | Noticed a flayed ghost
 16518 | D:11     | Reached skill level 5 in Fighting
 16788 | D:11     | Noticed a two-headed ogre
 16799 | D:11     | Killed a two-headed ogre
 16849 | D:11     | HP: 1/63 [apocalypse crab (11)]
 16850 | D:11     | Slain by an apocalypse crab

Skill      XL: |  1  2  3  4  5  6  7  8  9 10 11 |
---------------+----------------------------------+-----
Conjurations   | 2 3 4 5 7 8 9 |  9.1
Fighting       | 1 2 3 4 5 |  5.0
Dodging        | 3 4 5 6 7 8 |  8.7
Spellcasting   | 4 5 6 7 8 9 |  9.6
Fire Magic     | 4 5 7 8 10 11 | 11.2
Armour         | 1 2 3 4 5 |  5.3
Necromancy     | 1 3 5 6 |  6.4
Stealth        | |  2.4

Action                   |  1- 3 |  4- 6 |  7- 9 | 10-12 || total
-------------------------+-------+-------+-------+-------++-------
Melee: Dagger            |     2 |     4 |    17 |       ||    23
       Short sword       |       |       |     6 |    72 ||    78
Throw: Tomahawk          |       |     4 |     1 |     5 ||    10
 Cast: Flame Tongue      |    55 |    83 |   120 |   118 ||   376
       Throw Flame       |     5 |    19 |    15 |       ||    39
       Conjure Flame     |     1 |     6 |    31 |    16 ||    54
       Inner Flame       |       |     3 |     4 |     2 ||     9
       Magic Dart        |       |     9 |     4 |    30 ||    43
       Sticky Flame      |       |     1 |    26 |    58 ||    85
       Fireball          |       |       |    22 |    58 ||    80
       Animate Skeleton  |       |       |    10 |    21 ||    31
       Animate Dead      |       |       |       |    12 ||    12
       Regeneration      |       |       |       |    10 ||    10
Evoke: Wand              |       |       |       |     6 ||     6
  Use: Scroll            |     2 |     2 |    15 |     4 ||    23
       Potion            |       |     1 |       |     4 ||     5
 Stab: Sleeping          |     1 |     1 |     1 |     1 ||     4
  Eat: Chunk             |     3 |     3 |    24 |    12 ||    42
       Meat ration       |       |     1 |     1 |     4 ||     6
       Royal jelly       |       |       |       |     3 ||     3
Armor: Robe              |     3 |       |       |       ||     3
       Leather armour    |       |    11 |    13 |    71 ||    95
Dodge: Dodged            |    12 |    15 |    62 |   203 ||   292
